 Dungeon Crawl Stone Soup version 0.30-a0-782-ge64f9170bb (webtiles) character file.

Game seed: 3515265575730367198

27 Barriton the Trooper (level 2, -3/26 HPs)
             Began as a Draconian Berserker on Mar 7, 2023.
             Was a Follower of Trog.
             Succumbed to a kobold's poison
             ... on level 1 of the Dungeon.
             The game lasted 00:00:44 (650 turns).

Barriton the Trooper (Draconian Berserker)           Turns: 650, Time: 00:00:45

Health: -3/26      AC:  4    Str: 19    XL:     2   Next: 93%
Magic:  2/2        EV: 12    Int:  7    God:    Trog [*.....]
Gold:   0          SH:  0    Dex: 10    Spells: 1/1 levels left

rFire   . . .      SeeInvis .    a - +0 falchion
rCold   . . .      Faith    .    (no shield)
rNeg    . . .      Spirit   .    (body armour unavailable)
rPois   .          Reflect  .    (helmet restricted)
rElec   .          Harm     .    (no cloak)
rCorr   .          Rampage  .    (no gloves)
Will    .....                    (no boots)
Stlth   +                        (no amulet)
HPRegen 0.24/turn                (no ring)
MPRegen 0.08/turn                (no ring)

@: lethally poisoned (-3 -> -27)
A: AC +4, unfitting armour, cold-blooded
a: Renounce Religion, Berserk


You were on level 1 of the Dungeon.
You worshipped Trog.
Trog was aware of your devotion.
You visited 1 branch of the dungeon, and saw 1 of its levels.

Inventory:

Hand Weapons
 a - a +0 falchion (weapon)
Scrolls
 b - a scroll of poison {unknown}
 e - a scroll of teleportation {unknown}
 f - 3 scrolls of identify {unknown}
 g - a scroll of brand weapon {unknown}
Potions
 c - a potion of attraction {unknown}
 d - a potion of ambrosia {unknown}


   Skills:
 + Level 3.6 Fighting
 + Level 3.6 Long Blades
 + Level 3.0 Dodging


You had one spell level left.
You didn't know any spells.
Your spell library was empty.

Dungeon Overview and Level Annotations

Branches:
Dungeon (1/15)

Altars:


Innate Abilities, Weirdness & Mutations

Your plain brown scales are hard. (AC +4)
You cannot fit into any form of body armour.
You are cold-blooded and may be slowed by cold attacks.


Message History

No target in view!
No target in view!
f - 3 scrolls labelled CINUOVYKKI (gained 1)
You open the door.
There is an open door here.
A kobold comes into view. It is wielding a +1 dagger of venom.
A kobold is nearby!
A kobold is nearby!
Found a metallic white potion.
The kobold shouts!
A bat comes into view.
The kobold hits you with a +1 dagger of venom.
You are poisoned.
The bat moves out of view.
You closely miss the kobold.
You feel sick.
The kobold hits you with a +1 dagger of venom.
You are more poisoned.
You closely miss the kobold. You tail-slap the kobold.
The kobold is severely wounded.
You feel very sick. The kobold barely misses you.
You hit the kobold but do no damage.
The kobold is severely wounded.
You feel very sick.
The kobold hits you with a +1 dagger of venom.
You are lethally poisoned!
The kobold hits you with a +1 dagger of venom.
You are more poisoned.
You are too injured to fight recklessly!
You are too injured to fight recklessly!
You are too injured to fight recklessly!
You closely miss the kobold.
Your tail-slap misses the kobold.
The kobold is severely wounded.
* * * LOW HITPOINT WARNING * * *
You feel extremely sick.
The kobold hits you with a +1 dagger of venom.
* * * LOW HITPOINT WARNING * * *
You miss the kobold.
The kobold is severely wounded.
You die...

##.........####...##.#
.'...†.....'.......#.#
##.....[...####...##.#
##.......## ##.###.#
##.....## #####.#
##...## #....# ##+##
#.#### ########.#
#.....K@.# !...###..#
# #..# #..# ...# #.##
#.# ..#


You could see a kobold.

Vanquished Creatures
  A gnoll (D:1)
  A dart slug (D:1)
  2 bats (D:1)
  An endoplasm (D:1)
  3 hobgoblins (D:1)
  2 ball pythons (D:1)
  3 kobolds (D:1)
  3 rats (D:1)
16 creatures vanquished.

Notes
Turn   | Place    | Note
-------+----------+-------------------------------------------
     0 | D:1      | Barriton the Draconian Berserker began the quest for the
                  | Orb.
     0 | D:1      | Reached XP level 1. HP: 19/19 MP: 1/1
    79 | D:1      | Reached XP level 2. HP: 15/26 MP: 2/2
   650 | D:1      | Succumbed to a kobold's poison

Illustrated notes

Levels and vault maps discovered:
D:1:      shiori_angband_town, layout_loops_corners

Skill      XL: |  1  2 |
---------------+-------+-----
Dodging        | 3 |  3.0
Fighting       | |  3.6
Long Blades    | |  3.6

Action                     || total
---------------------------++-------
  Melee: Falchion          ||    46
         Tailslap          ||     4
 Invoke: Berserk           ||     1
 Armour: Skin              ||    15
  Dodge: Dodged            ||    35

Table legend: (Time is in decaauts)
 A = Elapsed time spent in this place.
 B = Non-inter-level travel time spent in this place.
 C = Inter-level travel time spent in this place.
 D = Time resting spent in this place.
 E = Time spent auto-exploring this place.
 F = Levels seen in this place.
 G = Mean time per level.
                   A        B        C        D        E       F      G
               +--------+--------+--------+--------+--------+-----+--------+
         Total |    661 |    661 |      0 |      0 |    565 |   1 |  661.0 |
       Dungeon |    661 |    661 |      0 |      0 |    565 |   1 |  661.0 |
               +--------+--------+--------+--------+--------+-----+--------+

Top non-repeatable levels by time:
     D:1: 661 daAuts
